 Dungeon Crawl Stone Soup version 0.31-a0-978-g1e143483b6 (webtiles) character file.

Game seed: 17049421768152559680

193 lunkers the Insei (level 6, -4/47 HPs)
             Began as a Meteoran Shapeshifter on Oct 30, 2023.
             Slain by Crazy Yiuf
             ... wielding a +4 quarterstaff of chaos
              (5 damage)
             ... on level 3 of the Dungeon.
             The game lasted 00:04:01 (998 turns).

lunkers the Insei (Meteoran Shapeshifter)            Turns: 998, Time: 00:04:01

Health: -4/47      AC:  5    Str: 15    XL:     6   Next: 24%
Magic:  7/7        EV: 11    Int: 12    God:
Gold:   102        SH:  0    Dex: 16    Spells: 5/5 levels left

rFire   . .          .
                       - Unarmed
rCold   . . .        (no shield)
rNeg    . . .        f - +0 ring mail
rPois   .            (helmet currently unavailable)
rElec   .            (cloak currently unavailable)
rCorr   .            (gloves currently unavailable)
SInv    .            (boots currently unavailable)
Will    .....        (no amulet)
Stlth   +            (no ring)
HPRegen 0.27/turn    (no ring)
MPRegen 0.10/turn

%: no passive effects
@: beast-form, glowing
A: beast (slay +2), sense surroundings 1, otherworldly, glowing, explore regen
a: Begin Untransformation


You were on level 3 of the Dungeon.
You were a hulking beast.
You visited 1 branch of the dungeon, and saw 3 of its levels.

You collected 102 gold pieces.

Inventory:

Armour
 a - a +0 animal skin
 f - a +0 ring mail (worn)
Talismans
 c - a beast talisman
 d - a flux talisman
Wands
 n - a wand of digging (6)
Scrolls
 e - a scroll of identify {unknown}
 g - a scroll of silence {unknown}
 h - a scroll of acquirement {unknown}
 j - a scroll of fear {unknown}
 k - a scroll of poison {unknown}
 m - a scroll of immolation {unknown}
Potions
 b - 2 potions of lignification
 i - 3 potions of curing {unknown}
 l - a potion of berserk rage {unknown}
 o - a potion of haste {unknown}


   Skills:
 - Level 1.1 Fighting
 - Level 2.1 Dodging
 * Level 6.4 Unarmed Combat
 + Level 5.0 Shapeshifting


You had 5 spell levels left.
You didn't know any spells.
Your spell library contained the following spells:

 Spells                   Type           Power      Damage    Failure   Level
 Slow                     Hex            0%         N/A       54%         1
 Confusing Touch          Hex            0%         N/A       89%         3
 Sigil of Binding         Hex            0%         N/A       89%         3
 Vampiric Draining        Necr           0%         2d6       89%         3


Dungeon Overview and Level Annotations

Branches:
Dungeon (3/15) Zot: 813

Altars:

Shops:
D:1 (=**

Annotations:
D:3 Crazy Yiuf


Innate Abilities, Weirdness & Mutations

You are a hulking beast.
Your limbs bulge with bestial killing power. (Slay +2)
You passively map a small area around you.
You are easily found by Zot.
You glow in the dark.
You regain HP and MP as you explore.


Message History

The endoplasm quivers.
The endoplasm barely misses you.
You hit the endoplasm.
The endoplasm is moderately wounded.
The endoplasm barely misses you.
You punch the endoplasm!
You kill the endoplasm!
No target in view!
There is a stone staircase leading down here.
Found a ring mail.
You see here a +0 ring mail.
Found a hammer.
Found a runed translucent door.
Crazy Yiuf shouts!
Crazy Yiuf says, "Two water forty-two!"
You open the door.
Unknown command.
You barely miss Crazy Yiuf.
Crazy Yiuf hits you with a +4 quarterstaff of chaos!
Crazy Yiuf freezes you.
* * * LOW HITPOINT WARNING * * *
You are too injured to fight recklessly!
Unknown command.
You are too injured to fight recklessly!
You are too injured to fight recklessly!
Unknown command.
You hit Crazy Yiuf.
Crazy Yiuf is lightly wounded.
Crazy Yiuf hits you with a +4 quarterstaff of chaos!
* * * LOW HITPOINT WARNING * * *
Space warps horribly around you!
* * * LOW HITPOINT WARNING * * *
You completely miss Crazy Yiuf.
Crazy Yiuf is lightly wounded.
Crazy Yiuf laughs, "Scoff!"
Crazy Yiuf closely misses you.
Unknown command.
You closely miss Crazy Yiuf.
Crazy Yiuf is lightly wounded.
Crazy Yiuf hits you with a +4 quarterstaff of chaos.
You die...

*#.#
##..#####.#..#.#
, #.# #....#
#.#..# . , #.#
♣....♣ #....#*##
#.### ♣...♣♣
#.#.## , #...#
♣♣.♣♣ #.#.# *
###.# ♣.♣♣ #.#.#
#.# ♣♣.♣
#.#.######## ,
#.# ♣.♣♣
#..........#
##)#### ♣♣h♣
#.#..)####.# ,
#.....# #g#
#.###.# #.#
####..##.# *...
#.###.####.#
.......#.# #...#
#........#.#
###..#.#.# #..)#
#####....#.#
#......# #####
###..#.#
##.##.#####
#..#.#
#.....>...# ###
### #..#.#
##..##.##### #.#
#.# #..#.#


You could see Crazy Yiuf.

Vanquished Creatures
  An orc priest (D:3)
  3 orc wizards (D:3)
  3 adders (D:2)
  A worm (D:2)
  A dart slug (D:2)
  5 orcs (D:3)
  3 ball pythons
  5 endoplasms
  2 giant cockroaches
  2 goblins
  4 hobgoblins
  3 quokkas
  5 bats
  2 frilled lizards (D:1)
  2 kobolds
  5 rats
47 creatures vanquished.

Vanquished Creatures (others)
  An orc wizard (D:3)
1 creature vanquished.

Grand Total: 48 creatures vanquished

Notes
Turn   | Place    | Note
-------+----------+-------------------------------------------
     0 | D:1      | lunkers the Meteoran Shapeshifter began the quest for the
                  | Orb.
     0 | D:1      | Reached XP level 1. HP: 16/16 MP: 2/2
    53 | D:1      | Found Difuap's General Store.
   103 | D:1      | Found Daeneon's General Store.
   126 | D:1      | Reached XP level 2. HP: 21/23 MP: 3/3
   131 | D:1      | Reached skill level 4 in Unarmed Combat
   189 | D:1      | Found Nemoiqef's Jewellery Shoppe.
   277 | D:1      | Found Ehyegas's Weapon Shoppe.
   326 | D:1      | Found a faded altar of an unknown god.
   354 | D:2      | Reached XP level 3. HP: 28/28 MP: 4/4
   403 | D:2      | Reached XP level 4. HP: 35/35 MP: 5/5
   502 | D:2      | Reached skill level 5 in Unarmed Combat
   707 | D:3      | Reached XP level 5. HP: 23/40 MP: 6/6
   810 | D:3      | Reached skill level 6 in Unarmed Combat
   829 | D:3      | Reached XP level 6. HP: 29/47 MP: 7/7
   835 | D:3      | Reached skill level 5 in Shapeshifting
   990 | D:3      | Found a runed translucent door.
   991 | D:3      | Noticed Crazy Yiuf
   996 | D:3      | HP: 1/47 [Crazy Yiuf/+4 quarterstaff of chaos (15)]
   998 | D:3      | Slain by Crazy Yiuf

Illustrated notes

Levels and vault maps discovered:
D:1:      eino_arrival_water_star, layout_loops_ring,
          hellmonk_ecumenical_altar_slurped_away, serial_shops,
          nicolae_shop_rolling_square, shop, nicolae_shop_hallway_stairs,
          nicolae_shop_bloodbath_and_beyond
D:2:      layout_rooms
D:3:      layout_loops_ring, item_on_display_b, uniq_terence,
          uniq_crazy_yiuf_cottage

Skill      XL: |  1  2  3  4  5  6 |
---------------+-------------------+-----
Unarmed Combat | 4 5 6 |  6.4
Shapeshifting  | 4 5 |  5.0
Fighting       | |  1.1
Dodging        | |  2.1

Action                     |  1- 3 |  4- 6 || total
---------------------------+-------+-------++-------
  Melee: Unarmed           |    45 |    91 ||   136
         Punch             |     2 |     1 ||     3
 Armour: Animal skin       |     3 |       ||     3
         Ring mail         |    23 |    65 ||    88
  Dodge: Dodged            |    20 |    43 ||    63

Table legend: (Time is in decaauts)
 A = Elapsed time spent in this place.
 B = Non-inter-level travel time spent in this place.
 C = Inter-level travel time spent in this place.
 D = Time resting spent in this place.
 E = Time spent auto-exploring this place.
 F = Levels seen in this place.
 G = Mean time per level.
                   A        B        C        D        E       F      G
               +--------+--------+--------+--------+--------+-----+--------+
         Total |    986 |    957 |     29 |      0 |    541 |   3 |  328.7 |
       Dungeon |    986 |    957 |     29 |      0 |    541 |   3 |  328.7 |
               +--------+--------+--------+--------+--------+-----+--------+

Top non-repeatable levels by time:
     D:3: 425 daAuts
     D:1: 349 daAuts
     D:2: 210 daAuts
